 Dungeon Crawl Stone Soup version 0.18.1-48-g4cf74bf (webtiles) character file.

581 RepoMan the Chopper (level 7, -3/52 HPs)
             Began as a Formicid Fighter on Sept 2, 2016.
             Slain by an orc priest
             ... wielding a +2 dagger of draining
              (6 damage)
             ... on level 4 of the Dungeon.
             The game lasted 00:14:53 (2453 turns).

RepoMan the Chopper (Formicid Fighter)              Turns: 2453, Time: 00:14:53

Health: -3/52      AC:  6    Str: 21    XL:     7   Next: 63%
Magic:  7/7        EV:  8    Int:  9    God:
Gold:   179        SH: 10    Dex: 12    Spells: 0 memorised, 6 levels left

rFire  . . .     SeeInvis +     a - +0 war axe
rCold  . . .     Gourm    .     b - +0 scale mail
rNeg   . . .     Faith    .     c - +0 shield
rPois  .         Spirit   .     (helmet unavailable)
rElec  .         Dismiss  .     (no cloak)
rCorr  .         Reflect  .     (no gloves)
SustAt .         Harm     .     (no boots)
MR     .....                    (no amulet)
Stlth  ..........               (no ring)
                                p - +2 ring of dexterity

@: flying, drained, not resistant to hostile enchantments, extremely unstealthy
A: permanent stasis, dig shafts and tunnels, four strong arms, antennae 3,
clever 1, clumsy 1
a: Dig, Shaft Self


You were on level 4 of the Dungeon.
You were not hungry.

You visited 1 branch of the dungeon, and saw 4 of its levels.

You collected 179 gold pieces.

Inventory:

Hand Weapons
 a - a +0 war axe (weapon)
Armour
 b - a +0 scale mail (worn)
 c - a +0 shield (worn)
 o - a cursed +0 ring mail
Jewellery
 p - a +2 ring of dexterity (left hand)
Wands
 d - a wand of polymorph (7/24)
Scrolls
 g - 2 scrolls of blinking {unknown}
 h - 2 scrolls of identify {unknown}
 i - 2 scrolls of teleportation {unknown}
 r - a scroll of recharging {unknown}
 v - a scroll of magic mapping {unknown}
 w - a scroll of random uselessness {unknown}
Potions
 e - a potion of curing {unknown}
 j - a potion of lignification {unknown}
 k - a potion of resistance {unknown}
 l - 2 potions of mutation
 m - 2 potions of flight
 n - a potion of haste {unknown}
 t - 2 potions of degeneration {unknown}
Comestibles
 f - 5 bread rations
 q - 2 meat rations
 s - 2 fruits
 u - a beef jerky


   Skills:
 - Level 3.2(2.6) Fighting
 * Level 6.6(5.8) Axes
 - Level 3.2(2.6) Armour
 + Level 6.3(5.5) Shields


You had 6 spell levels left.
You didn't know any spells.

Dungeon Overview and Level Annotations

Branches:
Dungeon (4/15)
 Temple: D:4-7

Altars:
Ashenzari
Dithmenos
Fedhas
Kikubaaqudgha
Nemelex Xobeh
Okawaru
Trog
Xom

Shops:
D:4 :

Annotations:
D:4 Grinder


Innate Abilities, Weirdness & Mutations

You are under a permanent stasis effect.
You can dig through walls and to a lower floor.
Your four strong arms can wield two-handed weapons with a shield.
You have a pair of large antennae on your head (SInv).
Your mind is acute. (Int +2)
You are clumsy. (Dex -2)


Message History

You resist with some effort.
The orc priest miscasts a cantrip.
You hit the orc priest.
The orc priest is moderately wounded.
You hit Grinder.
Grinder is almost dead.
Grinder blinks!
The orc priest invokes the aid of Beogh against you.
Pain shoots through your body!
* * * LOW HITPOINT WARNING * * *
Drink which item? (? for menu, Esc to quit)
It was a potion of flight.
You feel very buoyant.
You fly up into the air.
The orc priest miscasts a cantrip.
Drink which item? (? for menu, Esc to quit)
It was a potion of mutation.
You feel extremely strange.
You feel clever.
You feel clumsy.
The orc priest hits you with a dagger of draining.
You die...

. ##.≈≈.≈_≈## #.#
#..#..♣.≈≈.≈.####.#
#..^♣.#._._.......#
#..#.≈._#≈._♣####.#
#####≈^.§_{♣# #...
##..#.^# #####
###.### #
#5###.#####
#oo@.......
###########


You could see Grinder, an orc priest and an orc.

Vanquished Creatures
  2 ogres (D:4)
  Blork the orc (D:4)
  A scorpion (D:4)
  A howler monkey (D:4)
  2 hounds (D:4)
  A centaur skeleton (D:4)
  Jessica (D:2)
  Terence (D:3)
  4 adders
  2 oozes (D:2)
  A worm (D:2)
  2 dart slugs
  A giant gecko (D:2)
  11 orcs
  2 ball pythons
  6 bats
  3 giant cockroaches
  5 hobgoblins
  7 kobolds
  2 quokkas
  3 giant newts
  4 goblins
  2 rats
65 creatures vanquished.

Notes
Turn   | Place    | Note
--------------------------------------------------------------
     0 | D:1      | RepoMan the Formicid Fighter began the quest for the Orb.
     0 | D:1      | Reached XP level 1. HP: 18/18 MP: 1/1
   151 | D:1      | Reached XP level 2. HP: 24/24 MP: 2/2
   418 | D:2      | Found a shattered altar of Ashenzari.
   448 | D:2      | Found a blossoming altar of Fedhas.
   448 | D:2      | Found an ancient bone altar of Kikubaaqudgha.
   448 | D:2      | Found an iron altar of Okawaru.
   450 | D:2      | Found a shadowy altar of Dithmenos.
   450 | D:2      | Found a bloodstained altar of Trog.
   451 | D:2      | Found a sparkling altar of Nemelex Xobeh.
   475 | D:2      | Noticed Jessica
   479 | D:2      | Killed Jessica
   479 | D:2      | Reached XP level 3. HP: 29/29 MP: 3/3
   695 | D:2      | Reached XP level 4. HP: 31/35 MP: 4/4
  1140 | D:3      | Noticed Terence
  1301 | D:3      | Killed Terence
  1301 | D:3      | Reached XP level 5. HP: 33/41 MP: 5/5
  1690 | D:3      | Reached skill level 5 in Shields
  2053 | D:4      | Noticed Blork the orc
  2053 | D:4      | Noticed an ogre
  2058 | D:4      | Killed an ogre
  2058 | D:4      | Reached skill level 5 in Axes
  2058 | D:4      | Reached XP level 6. HP: 27/47 MP: 6/6
  2064 | D:4      | Killed Blork the orc
  2235 | D:4      | Reached XP level 7. HP: 50/52 MP: 7/7
  2247 | D:4      | Found Xiadicw's Book Boutique.
  2396 | D:4      | Found a shimmering altar of Xom.
  2396 | D:4      | Found a shimmering altar of Xom.
  2399 | D:4      | Found a shimmering altar of Xom.
  2399 | D:4      | Found a shimmering altar of Xom.
  2400 | D:4      | Found a shimmering altar of Xom.
  2400 | D:4      | Found a shimmering altar of Xom.
  2401 | D:4      | Found a shimmering altar of Xom.
  2422 | D:4      | Noticed Grinder
  2453 | D:4      | Gained mutation: Your mind is acute. (Int +2) [potion of mutation]
  2453 | D:4      | Gained mutation: You are clumsy. (Dex -2) [potion of mutation]
  2453 | D:4      | Slain by an orc priest

Skill      XL: |  1  2  3  4  5  6  7 |
---------------+----------------------+-----
Shields        | 4 5 6 |  6.3
Axes           | 3 4 5 6 |  6.6
Fighting       | |  3.2
Armour         | |  3.2

Action                   |  1- 3 |  4- 6 |  7- 9 || total
-------------------------+-------+-------+-------++-------
Melee: War axe           |    61 |   123 |    45 ||   229
  Use: Potion            |       |     1 |     2 ||     3
  Eat: Chunk             |       |     4 |     1 ||     5
Armor: Scale mail        |    29 |    45 |    14 ||    88
Dodge: Dodged            |    17 |    37 |    16 ||    70
Block: Shield            |    37 |    76 |    27 ||   140
